AoeStats
← ITA | MarknighT

Arabia

503606697Analyzed
1v1 RM · 1mo ago on Sep 1, 2026· 34m 0s· 2 players
Game mode
Random Map
Map size
Tiny (2 player)
Population
200
Speed
Normal
Resources
Standard
Victory
Conquest
Starting age
Dark Age
Ending age
Imperial Age
RankedLock teamsTeams togetherTeam positionsShared explorationLock speedFull tech treeHidden civsTurbo modeCheats
Victory
Defeat
🇩🇪 Persians · Germany
1955
+15
🇮🇹 Saracens · Italy
1932
-15
ITA | MarknighT
6:54 Loom
9:20 Feudal Age
9:23 Man-at-Arms
11:34 Horse Collar
17:12 Fletching
22:02 Castle Age
20:45 Scale Barding Armor
22:02 Bloodlines
22:09 Gold Mining
22:10 Double-Bit Axe
22:19 Crossbowman
25:48 Bodkin Arrow
28:12 Chain Barding Armor
31:25 Forging
[A4G]Panakota
4:48 Loom
8:08 Feudal Age
9:14 Double-Bit Axe
9:46 Horse Collar
15:50 Fletching
17:52 Gold Mining
20:05 Castle Age
18:49 Padded Archer Armor
19:41 Gold Mining
19:53 Crossbowman
21:14 Bodkin Arrow
22:21 Bow Saw
27:46 Scale Barding Armor
28:33 Ballistics
29:01 Wheelbarrow
31:20 Heavy Plow
33:09 Hand Cart
32:39 Town Watch
Connection lost

Rejoining the realm…

Still unreachable

The connection could not be restored.

Session expired

The server has moved on; the page needs a fresh start.